 Dungeon Crawl Stone Soup version 0.30.1-3-gfc49f6343a (webtiles) character file.

Game seed: 5565873271265519891

58 wingedge the Conjurer (level 3, -1/26 HPs)
             Began as a Demigod Wanderer on Aug 5, 2023.
             Killed from afar by Sigmund (7 damage)
             ... with a puff of flame
             ... on level 2 of the Dungeon.
             The game lasted 00:04:35 (2215 turns).

wingedge the Conjurer (Demigod Wanderer)            Turns: 2215, Time: 00:04:36

Health: -1/26      AC:  3    Str: 11    XL:     3   Next: 52%
Magic:  0/8        EV: 12    Int: 21    God:
Gold:   40         SH:  0    Dex: 12    Spells: 3/6 levels left

rFire   . . .        a - +1 dagger
rCold   . . .        (no shield)
rNeg    . . .        d - +0 robe
rPois   .            (no helmet)
rElec   .            e - +0 cloak
rCorr   .            (no gloves)
SInv    .            (no boots)
Will    .....        (no amulet)
Stlth   +            (no ring)
HPRegen 0.24/turn    (no ring)
MPRegen 0.11/turn

%: no passive effects
@: no status effects
A: high MP 1, forlorn, divine attributes
a: no special abilities


You were on level 2 of the Dungeon.
You visited 1 branch of the dungeon, and saw 2 of its levels.

You collected 40 gold pieces.

Inventory:

Hand Weapons
 a - a +1 dagger (weapon)
 c - a +0 sling
Missiles
 b - 6 boomerangs (quivered)
Armour
 d - a +0 robe (worn)
 e - a +0 cloak (worn)
Scrolls
 i - a scroll of teleportation {unknown}
 k - a scroll of noise {unknown}
Potions
 g - a potion of curing {unknown}
 j - 2 potions of mutation {unknown}


   Skills:
 - Level 1.0 Throwing
 - Level 1.7 Dodging
 + Level 2.0 Spellcasting
 - Level 3.6 Conjurations
 + Level 2.7 Earth Magic
 - Level 1.0 Evocations


You had 3 spell levels left.
You knew the following spells:

 Your Spells              Type           Power      Damage    Failure   Level
a - Sandblast             Erth           26%        2d8       4%          1
b - Searing Ray           Conj           34%        2d5       4%          2

Your spell library contained the following spells:

 Spells                   Type           Power      Damage    Failure   Level
 Shock                    Conj/Air       36%        1d5       7%          1
 Momentum Strike          Conj/Tloc      18%        3d8       11%         2
 Stone Arrow              Conj/Erth      30%        3d8       12%         3
 Blink                    Tloc           4%         N/A       22%         2
 Lesser Beckoning         Tloc           4%         N/A       22%         2


Dungeon Overview and Level Annotations

Branches:
Dungeon (2/15)

Annotations:
D:2 Sigmund


Innate Abilities, Weirdness & Mutations

You have an increased reservoir of magic. (+10% MP)
You shall have no god before yourself.
Your divine heritage dramatically boosts your attributes as you level up.


Message History

Aim: Sigmund, wielding a +0 scythe and wearing a +1 robe of fire resistance (lightly wounded, 75% to hit)
The searing ray hits Sigmund.
Sigmund is moderately wounded. (Press . to maintain the ray.) Sigmund barely misses you.
The searing ray hits Sigmund.
Sigmund is moderately wounded.
Sigmund closely misses you.
The searing ray misses Sigmund.
The searing ray hits Sigmund.
Sigmund is heavily wounded.
You finish channelling your searing ray.
Sigmund completely misses you.
Casting: Searing Ray (safe; 4% risk of failure)
Confirm with . or Enter, or press ? or * to list all spells.
Aiming: Sandblast (safe; 4% risk of failure)
Press: ? - help, Shift-Dir - straight line, f/p - Sigmund
Aim: Sigmund, wielding a +0 scythe and wearing a +1 robe of fire resistance (moderately wounded, 80% to hit)
The blast of sand hits Sigmund but does no damage.
Sigmund is moderately wounded.
Sigmund gestures at you while chanting. The magic dart hits you.
As you read the scroll labelled GIULEIPITE, it crumbles to dust.
It is a scroll of enchant weapon.
Your +0 dagger glows red for a moment.
Sigmund misses you.
As you read the scroll labelled USUGHUSTE, it crumbles to dust.
Your body is wracked with pain!
Sigmund convulses!
It was a scroll of torment.
Sigmund hits you from afar with a +0 scythe!
* * * LOW HITPOINT WARNING * * *
Casting: Sandblast (safe; 4% risk of failure)
Confirm with . or Enter, or press ? or * to list all spells.
Aiming: Sandblast (safe; 4% risk of failure)
Press: ? - help, Shift-Dir - straight line, f/p - Sigmund
Aim: Sigmund, wielding a +0 scythe and wearing a +1 robe of fire resistance (severely wounded, 80% to hit)
The blast of sand hits Sigmund.
Sigmund is severely wounded.
Sigmund says, "Now you see me, now you don't..."
Sigmund points at you and mumbles some strange words.
The puff of flame hits you!
You die...

..# #.......#
........##. ..#
#.......#
........... #.#
#.......#
..........) #.#
#.......#
........... ..#
#.......#
...........
###########.......#
...........
#.............##
...........
#+###########.#
...##.##### #@# ...
#+ #.# #@# #......#
..........#
............#
#..>...?.....#
#.....###'#'#.#
#..... .#.# #


You could see Sigmund.

Vanquished Creatures
  2 adders (D:2)
  A dart slug (D:2)
  3 endoplasms
  A giant cockroach (D:1)
  3 hobgoblins (D:1)
  8 jackals (D:1)
  A kobold (D:1)
  A quokka (D:1)
  5 bats
  A frilled lizard (D:1)
  5 goblins (D:1)
  4 rats
35 creatures vanquished.

Notes
Turn   | Place    | Note
-------+----------+-------------------------------------------
     0 | D:1      | wingedge the Demigod Wanderer began the quest for the Orb.
     0 | D:1      | wingedge set off with the following items: a +0 dagger, 6
                  | boomerangs, a scroll of fear, a +0 robe; and the following
                  | spells available to memorise: Searing Ray, Shock,
                  | Sandblast, Stone Arrow.
     0 | D:1      | Reached XP level 1. HP: 14/14 MP: 4/4
     2 | D:1      | Learned a level 1 spell: Sandblast
   326 | D:1      | Reached XP level 2. HP: 20/20 MP: 0/5
   482 | D:1      | Learned a level 2 spell: Searing Ray
  1506 | D:2      | Reached XP level 3. HP: 26/26 MP: 6/8
  2204 | D:2      | Noticed Sigmund
  2215 | D:2      | Killed from afar by Sigmund

Illustrated notes

Levels and vault maps discovered:
D:1:      wheals_arrival_shading, layout_basic, st_stairs_14
D:2:      layout_basic, serial_forest, infiniplex_forest_end_3,
          infiniplex_forest_lined_room_2, infiniplex_forest_fountain,
          infiniplex_forest_clump_double, infiniplex_forest_lined_2,
          infiniplex_forest_lined_corner, infiniplex_forest_lined_room_2,
          infiniplex_forest_lined_3_way, infiniplex_forest_lined_2, uniq_sigmund

Skill      XL: |  1  2  3 |
---------------+----------+-----
Earth Magic    | 2 |  2.7
Spellcasting   | 2 |  2.0
Throwing       | |  1.0
Dodging        | |  1.7
Conjurations   | |  3.6
Evocations     | |  1.0

Action                     || total
---------------------------++-------
  Melee: Dagger            ||    25
   Cast: Sandblast         ||    36
         Searing Ray       ||    15
    Use: Scroll            ||     3
 Armour: Robe              ||    12
  Dodge: Dodged            ||    42
